 Dungeon Crawl Stone Soup version 0.20.0-8-g6b59dc7 (webtiles) character file.

247914 Mesmaeker13 the Devastator (level 20, 0/118 HPs)
             Began as a Gargoyle Wizard on May 29, 2017.
             Was a High Priest of Sif Muna.
             Slain by a deep troll (22 damage)
             ... on level 3 of the Depths on May 30, 2017.
             The game lasted 04:27:58 (59483 turns).

Mesmaeker13 the Devastator (Gargoyle Wizard)       Turns: 59483, Time: 04:27:59

Health: 0/118      AC: 31    Str: 12    XL:     20   Next: 0%
Magic:  5/36       EV: 14    Int: 32    God:    Sif Muna [*****.]
Gold:   295        SH: 15    Dex: 12    Spells: 9/43 levels left

rFire    + + .     SeeInvis +   p - +1 morningstar of the Lurker {crush, MR++ Str-2 Int+4}
rCold    + . .     Gourm    .   b - +2 shield of Resistance {rF+ rC+ MR+}
rNeg     + . .     Faith    .   H - +1 leather armour "Kongan" {Dex+4 SInv}
rPois    ∞         Spirit   .   C - +2 helmet {Int+3}
rElec    +         Reflect  .   y - +1 cloak {MR+}
rCorr    .         Harm     .   j - +2 pair of gloves
MR       +++++                  P - +0 pair of boots {Fly}
Stlth    ++........             o - amulet of magic regeneration
Regen    0.3/turn               I - ring of protection from fire
MPRegen  0.4/turn               U - ring of wizardry

@: no status effects
A: big wings, negative energy resistance 1, electricity resistance, unbreathing,
petrification resistance, rot immunity, AC +15
}: 1/15 runes: decaying
a: Fly, Divine Energy, Channel Magic, Forget Spell, Renounce Religion, Evoke
Flight


You were on level 3 of the Depths.
You worshipped Sif Muna.
Sif Muna was extremely pleased with you.
You were very hungry.

You visited 7 branches of the dungeon, and saw 34 of its levels.
You also visited: Sewer, Bailey and Volcano.

You collected 3302 gold pieces.
You spent 3007 gold pieces at shops.

Inventory:

Hand Weapons
 p - the +1 morningstar of the Lurker (weapon) {crush, MR++ Str-2 Int+4}
   (You bought it in a shop on level 7 of the Dungeon)

   It inflicts extra damage upon your enemies.
   It affects your strength (-2).
   It affects your intelligence (+4).
   It affects your resistance to hostile enchantments.
Armour
 b - the +2 shield of Resistance (worn) {rF+ rC+ MR+}
   (You bought it in a shop on level 2 of the Orcish Mines)

   It protects you from fire.
   It protects you from cold.
   It affects your resistance to hostile enchantments.
 j - a +2 pair of gloves (worn)
 y - a +1 cloak of magic resistance (worn)
 B - +0 fire dragon scales
 C - a +2 helmet of intelligence (worn)
 H - the +1 leather armour "Kongan" (worn) {Dex+4 SInv}
   (You bought it in a shop on level 2 of the Orcish Mines)

   It affects your dexterity (+4).
   It lets you see invisible.
 P - a +0 pair of boots of flying (worn)
 Q - a +2 leather armour of fire resistance
Jewellery
 l - an uncursed ring of resist corrosion {unknown}
 o - an amulet of magic regeneration (around neck)
 I - a ring of protection from fire (left hand)
 M - an uncursed ring of protection from cold
 U - a ring of wizardry (right hand)
Wands
 e - a wand of digging (11/24)
 n - a wand of random effects (26/48)
 F - a wand of iceblast (4/15)
 G - a wand of iceblast (11/15)
Scrolls
 a - 2 scrolls of identify
 d - 2 scrolls of remove curse
 h - 2 scrolls of fog
 r - 5 scrolls of teleportation
 v - 3 scrolls of amnesia
 x - a scroll of enchant weapon
 z - 3 scrolls of blinking
 D - 2 scrolls of silence
 R - a scroll of summoning
 X - 2 scrolls of magic mapping
Potions
 f - 6 potions of heal wounds
 g - 3 potions of magic
 i - 4 potions of invisibility
 k - 5 potions of brilliance
 m - 4 potions of might
 q - 2 potions of cancellation
 s - a potion of mutation
 t - 6 potions of ambrosia
 u - 7 potions of agility
 w - 8 potions of curing
 A - 4 potions of resistance
 Z - a potion of haste
Books
 E - Sif Muna's Papyrus of Attacks
   (Sif Muna gifted it to you on level 1 of the Depths)

   Spells                             Type                      Level
   a - Throw Flame                    Conjuration/Fire             2
   b - Bolt of Cold                   Conjuration/Ice              6
   c - Freezing Cloud                 Conjuration/Ice/Air          6
   d - Poison Arrow                   Conjuration/Poison           6
   e - Spellforged Servitor           Conjuration/Summoning        7
   f - Chain Lightning                Conjuration/Air              8
 K - a book of Cantrips

   Spells                             Type                      Level
   a - Confusing Touch                Hexes                        1
   b - Animate Skeleton               Necromancy                   1
   c - Summon Small Mammal            Summoning                    1
   d - Apportation                    Translocation                1
Comestibles
 c - 4 royal jellies
 J - 9 chunks of flesh


   Skills:
 - Level 10.3 Fighting
 - Level 7.0 Maces & Flails
 - Level 10.0 Armour
 - Level 6.1 Dodging
 - Level 2.1 Stealth
 - Level 15.0 Shields
 - Level 12.0 Spellcasting
 - Level 17.2 Conjurations
 - Level 4.0 Hexes
 + Level 11.1 Summonings
 - Level 0.8 Translocations
 - Level 11.5 Fire Magic
 - Level 3.0 Air Magic
 - Level 7.0 Poison Magic
 + Level 8.9 Invocations


You had 9 spell levels left.
You knew the following spells:

 Your Spells              Type           Power        Failure   Level  Hunger
a - Orb of Destruction    Conj           #######...   1%          7    ######.
b - Shroud of Golubria    Chrm/Tloc      ###.......   1%          2    None
c - Mephitic Cloud        Conj/Pois/Air  ######..     1%          3    None
d - Slow                  Hex            #####...     1%          2    None
e - Fireball              Conj/Fire      #######...   1%          5    #......
f - Spellforged Servitor  Conj/Summ      #######...   3%          7    ######.
g - Poisonous Vapours     Pois/Air       ######       1%          2    None
h - Bolt of Fire          Conj/Fire      #######...   1%          6    ####...


Dungeon Overview and Level Annotations

Branches:
Dungeon (15/15)            Temple (1/1) D:4            Lair (6/6) D:11
  Swamp (4/4) Lair:3        Snake (3/4) Lair:4        Slime (0/5) Lair:5
    Orc (2/2) D:12            Elf (0/3) Orc:2        Vaults (0/5) D:13
 Depths (3/5) D:15

Altars:
Ashenzari
Cheibriados
Dithmenos
Elyvilon
Fedhas
Gozag
Hepliaklqana
Kikubaaqudgha
Makhleb
Nemelex Xobeh
Okawaru
Qazlal
Ru
Sif Muna
Trog
Uskayaw
Vehumet
Xom
Yredelemnul
Zin
The Shining One
Jiyva

Shops:
D:6 =   D:7 (   Orc:2 [([[   Snake:1 ==}   Depths:1 %[[

Portals:
Hell: Depths:1 Depths:2
Ziggurat: Depths:1
Trove: D:11 (give +4 storm dragon scales)

Annotations:
D:15 1 runed door
Swamp:4 1 exclusion
Snake:3 Jorgrun
Depths:1 3 runed doors


Innate Abilities, Weirdness & Mutations

You are resistant to torment.
Your stone body is resilient. (AC +15)
You are immune to poison.
Your large and strong wings let you fly indefinitely.
You resist negative energy. (rN+)
You are resistant to electric shocks. (rElec)
You can survive without breathing.
You are immune to petrification.
You are immune to rotting.


Message History

The deep troll shaman misses your spellforged servitor.
Your spellforged servitor conjures a glowing orb.
The wavering orb of destruction weakly hits the deep troll shaman.
The deep troll shaman is blown up!
Sif Muna accepts your kill.
Casting: Spellforged Servitor
Confirm with . or Enter, or press ? or * to list all spells.
Aiming: Bolt of Fire
Press: ? - help, Shift-Dir - straight line, f - deep troll
Aim: a deep troll The bolt of fire hits the deep troll.
The deep troll is almost dead.
The bolt of fire hits the deep troll.
The deep troll is severely wounded.
The bolt of fire hits the deep troll earth mage.
The deep troll earth mage is severely wounded.
You block the deep troll's attack. x3; The deep troll bites you.
* * * LOW HITPOINT WARNING * * *
The deep troll claws you!!
You die...

#.#...#.#
#..#.#..##########
....#.).......(..
...#.#).T###...###
#.#...#%#...#.#..##
#.....#%%.†.#....#
#.#...#.#..T#.#...#
...#.#†..###8T.##.#
....#...(....TTT@%#
#..#.#..#..######.#
#.#...#.##. .#
#.#...#.### .#
#.#...#.# .#
#..#.#..# .#
#...#...# .#
#..#.#..# .#
#.#...#.# #


You could see 4 deep trolls, a deep troll earth mage and a friendly spellforged
servitor.

Vanquished Creatures
  Boris (Depths:2)
  A bone dragon (Swamp:4)
  5 thorn hunters
  Kirke (Lair:4)
  A revenant (Depths:2)
  An orc warlord (Orc:1)
  A juggernaut zombie (D:15)
  2 very ugly things (Depths:1)
  2 stone giants (Depths:1)
  3 vampire knights
  Azrael (D:15)
  The ghost of salade2fruit the Thaumaturge, a journeyman OpVM of Vehumet (Lair:6)
  The ghost of Fingolfin the Thaumaturge, a journeyman NaWz of Sif Muna (Lair:6)
  3 spark wasps
  2 ettins (Depths:2)
  A yaktaur captain (Depths:3)
  A great orb of eyes (Depths:1)
  2 fire dragons (Depths:2)
  Josephine (Orc:2)
  A naga warrior (Snake:2)
  3 vault guards
  3 rakshasas
  Fannar (Lair:3)
  An ice dragon (Depths:2)
  Erolcha (D:10)
  2 catoblepae (D:15)
  18 hydras
  3 ghost crabs
  12 alligators
  2 death knights
  5 centaur warriors
  7 anacondas
  2 tengu warriors
  2 deep troll shamans (Depths:1)
  13 two-headed ogres
  An ogre mage (Depths:2)
  A death yak (Lair:4)
  A deep troll earth mage (Depths:1)
  A spriggan berserker (Depths:3)
  3 orc high priests (Orc:2)
  A deep elf knight (D:13)
  A titan zombie (D:15)
  Nergalle (D:10)
  A shock serpent (Snake:1)
  4 iron trolls (Depths:1)
  Sonja (D:13)
  A fire crab (shapeshifter) (Depths:1)
  A titan skeleton (Depths:2)
  2 spriggan druids
  A death drake (Swamp:4)
  6 skeletal warriors
  A flayed ghost (Depths:2)
  3 swamp dragons
  2 spectral hydras (Swamp:4)
  7 deep trolls
  A naga ritualist (Snake:2)
  2 shambling mangroves (Swamp:1)
  4 unseen horrors
  3 wizards
  A shadow dragon zombie (Depths:2)
  4 phantasmal warriors
  2 tengu zombies
  2 lindwurms
  An oklob plant (Swamp:2)
  A wolf spider (D:14)
  3 necromancers
  2 salamanders (Snake:1)
  2 deep elf magi (D:12)
  3 cyclopes
  9 orc knights
  3 mana vipers (Snake:1)
  2 manticores
  13 ugly things
  3 orc sorcerers (Orc:2)
  A mana viper (shapeshifter) (D:14)
  A stone giant zombie (D:15)
  4 naga magi
  Maurice (D:13)
  18 black mambas
  15 elephants
  2 gargoyles
  A torpor snail (Lair:5)
  20 spiny frogs
  3 komodo dragons
  4 kobold demonologists
  4 swamp worm zombies (Swamp:4)
  2 rime drakes
  10 yaktaurs
  2 freezing wraiths
  A spriggan skeleton (Depths:2)
  2 tengu conjurers
  A queen bee (Lair:3)
  5 hydra zombies (Swamp:4)
  A jumping spider (shapeshifter) (Depths:3)
  8 polar bears
  A meliai (D:14)
  18 hornets
  6 trolls
  10 blink frogs
  5 tyrant leeches
  7 bog bodies
  20 slime creatures
  3 spectral swamp dragons (Swamp:4)
  5 alligator zombies (Swamp:4)
  A dream sheep (Lair:6)
  8 hippogriffs
  19 spriggans
  A flying skull (Depths:2)
  An air elemental (Depths:1)
  2 vampires (D:14)
  6 shadows
  5 wyverns
  17 humans
  A water elemental (D:13)
  A yak (shapeshifter) (Depths:1)
  4 wraiths
  43 yaks
  11 fire bats (Volcano)
  A hog (Lair:4)
  2 basilisks (Lair:1)
  3 fire elementals (D:15)
  27 vampire mosquitoes
  4 hungry ghosts
  A steam dragon (Lair:5)
  24 swamp worms
  14 insubstantial wisps
  7 two-headed ogre zombies
  A warg (Orc:1)
  14 nagas
  2 soldier ants
  Edmund (D:4)
  3 hell hounds (D:15)
  10 water moccasins
  8 porcupines
  32 orc warriors
  10 swamp drakes
  An ice beast (shapeshifter) (D:14)
  7 sky beasts
  3 black bears
  2 eyes of draining
  10 phantoms
  2 swamp dragon zombies (Swamp:4)
  A necrophage (D:12)
  11 ogres
  24 wolves
  The ghost of Inarius the Stinger, an amateur DrVM of Vehumet (D:3)
  4 boggarts (Lair:6)
  8 centaurs
  16 crocodiles
  17 bullfrogs
  5 big kobolds
  2 wyvern skeletons
  4 scorpions
  23 killer bees (Lair:3)
  A troll zombie (D:12)
  2 vampire bats (D:14)
  14 wights
  4 electric eels
  3 howler monkeys
  2 centaur zombies
  13 crimson imps
  A bullfrog zombie (D:12)
  6 lava snakes
  7 jellies
  3 quasits
  5 hounds
  8 centaur skeletons
  21 orc priests
  Crazy Yiuf (D:7)
  2 bullfrog skeletons
  6 iguanas
  22 orc wizards
  A spectral swamp drake (Swamp:4)
  14 worker ants
  A killer bee zombie (D:8)
  6 ogre zombies (D:12)
  A hound skeleton (D:11)
  A worker ant zombie (D:7)
  A howler monkey skeleton (D:4)
  5 gnolls
  14 adders
  A river rat (Sewer)
  2 swamp drake zombies (Swamp:4)
  5 shadow imps
  An ufetubus (Depths:3)
  6 oozes
  An adder skeleton (D:8)
  2 worms
  A dart slug (D:1)
  7 leopard geckos
  73 orcs
  9 giant cockroaches
  9 hobgoblins
  8 jackals
  5 quokkas
  4 ball pythons
  18 bats
  6 frilled lizards
  9 goblins
  A goblin skeleton (D:12)
  2 goblin zombies (D:12)
  2 hobgoblin zombies (D:12)
  A jackal skeleton (D:4)
  A jackal zombie (D:8)
  31 kobolds
  5 orc skeletons (D:12)
  15 orc zombies (D:12)
  A quokka zombie (D:6)
  22 rats
  A fungus (Lair:5)
  2 plants (Lair:6)
1230 creatures vanquished.

Vanquished Creatures (collateral kills)
  Nikola (Snake:2)
  A tengu reaver (Depths:3)
  A nagaraja (Snake:2)
  A frost giant (Depths:3)
  2 fire giants
  Aizul (Snake:3)
  2 juggernaut skeletons
  3 stone giants (Depths:2)
  2 vampire knights (Depths:3)
  4 very ugly things
  5 spark wasps
  A merfolk javelineer (Depths:3)
  3 ettins (Depths:1)
  4 fire dragons
  4 jiangshi (Depths:2)
  A great orb of eyes (Depths:2)
  A yaktaur captain (Depths:2)
  2 rakshasas
  An ice dragon (Depths:2)
  2 spriggan air magi
  2 naga warriors (Snake:2)
  3 anacondas (Snake:1)
  An ogre mage (Depths:3)
  3 two-headed ogres
  A tengu warrior (Depths:3)
  4 deep troll earth magi
  5 deep troll shamans
  4 naga sharpshooters
  4 shock serpents (Snake:2)
  An iron troll (Depths:1)
  2 wizards
  A golden dragon skeleton (Depths:2)
  11 deep trolls
  3 naga ritualists
  2 flayed ghosts (Depths:2)
  A sphinx zombie (Depths:2)
  4 mana vipers
  14 ugly things
  A fire giant zombie (Depths:2)
  2 salamanders (Snake:2)
  A frost giant zombie (Depths:2)
  2 guardian serpents (Snake:2)
  9 black mambas
  An elf zombie (Depths:2)
  A rust devil (Depths:3)
  6 naga magi
  A fire giant skeleton (Depths:2)
  The ghost of Feta the Charlatan, a novice FoAr (D:4)
  2 spiny frogs (Lair:5)
  A komodo dragon (Lair:3)
  5 yaktaurs
  2 tengu conjurers (Depths:1)
  A hornet (Swamp:1)
  A polar bear (Lair:6)
  A slime creature (D:7)
  A blink frog (shapeshifter) (Depths:3)
  3 spriggan zombies (Depths:2)
  An air elemental (Depths:2)
  A water elemental (Depths:3)
  2 flying skulls (Depths:2)
  An elf skeleton (Depths:2)
  A spriggan (Depths:3)
  A hungry ghost (D:9)
  12 nagas
  A tengu zombie (Depths:2)
  A soldier ant (D:11)
  6 water moccasins
  2 tengu skeletons (Depths:2)
  A floating eye (Depths:2)
  A sky beast (D:5)
  5 ogres
  A phantom (D:11)
  An eye of draining (D:9)
  A wolf (D:11)
  A crocodile (Lair:2)
  A big kobold (D:9)
  2 bullfrogs
  A scorpion (D:5)
  3 killer bees (Lair:3)
  2 wights (D:9)
  6 crimson imps
  2 orc priests
  A hound (D:11)
  2 orc wizards
  2 centaur skeletons (D:7)
  3 worker ants
  3 adders
  2 gnolls (D:2)
  2 river rats (Sewer)
  An ooze (Sewer)
  A worm (D:2)
  A dart slug (D:2)
  5 orcs
  2 ball pythons (Sewer)
  13 kobolds
  A bat (D:1)
  10 rats (Sewer)
256 creatures vanquished.

Vanquished Creatures (others)
  A fire dragon (Depths:2)
  A hornet (Swamp:1)
  A human (Lair:4)
  A big kobold (D:7)
  An orc wizard (Orc:2)
  49 fungi
  15 plants
  6 toadstools (D:7)
  8 withered plants (D:15)
83 creatures vanquished.

Grand Total: 1569 creatures vanquished

Notes
Turn   | Place    | Note
-------+----------+-------------------------------------------
     0 | D:1      | Mesmaeker13 the Gargoyle Wizard began the quest for the Orb.
     0 | D:1      | Reached XP level 1. HP: 10/10 MP: 4/4
   169 | D:1      | Reached XP level 2. HP: 10/15 MP: 1/6
   365 | D:1      | Reached skill level 2 in Conjurations
   421 | D:1      | Learned a level 2 spell: Call Imp
   436 | D:1      | Reached skill level 1 in Summonings
   670 | D:1      | Reached XP level 3. HP: 14/19 MP: 5/7
  1015 | D:2      | Found a bloodstained altar of Trog.
  1291 | D:2      | Reached XP level 4. HP: 24/24 MP: 5/9
  1922 | D:2      | Reached skill level 3 in Conjurations
  1922 | D:2      | Reached XP level 5. HP: 26/28 MP: 1/11
  1934 | D:2      | Learned a level 3 spell: Mephitic Cloud
  2040 | D:2      | Found a burning altar of Makhleb.
  2040 | D:2      | Found a sacrificial altar of Ru.
  2041 | D:2      | Found a hide-covered altar of Uskayaw.
  2055 | D:2      | Found a sparkling altar of Nemelex Xobeh.
  2285 | D:3      | Found a glowing drain.
  2293 | Sewer    | Entered a sewer
  2678 | Sewer    | Reached skill level 1 in Poison Magic
  3235 | Sewer    | Got a steaming whip
  3240 | Sewer    | Identified the +5 whip "Nunot" {venom, rN+ Int-5 Dex+4} (You found it in a sewer)
  3861 | D:3      | Found a shimmering altar of Xom.
  3889 | D:3      | Reached XP level 6. HP: 21/32 MP: 12/12
  3942 | D:3      | Noticed Inarius's ghost (amateur DrVM)
  3958 | D:3      | Killed Inarius's ghost
  3958 | D:3      | Reached skill level 4 in Conjurations
  4512 | D:3      | Reached skill level 1 in Air Magic
  4649 | D:4      | Noticed Feta's ghost (novice FoAr)
  4711 | D:4      | Noticed Edmund
  4726 | D:4      | Killed Edmund
  4726 | D:4      | Reached XP level 7. HP: 30/36 MP: 10/13
  4778 | D:4      | Learned a level 2 spell: Slow
  5117 | D:4      | You fall through a shaft for 3 floors!
  5147 | D:5      | Entered Level 5 of the Dungeon
  5271 | D:4      | Found a staircase to the Ecumenical Temple.
  5299 | D:4      | Reached skill level 5 in Conjurations
  5342 | Temple   | Entered the Ecumenical Temple
  5421 | Temple   | Became a worshipper of Sif Muna the Loreminder
  6012 | D:4      | Killed Feta's ghost
  6012 | D:4      | Reached XP level 8. HP: 9/41 MP: 14/14
  6691 | D:5      | Reached skill level 6 in Conjurations
  6699 | D:5      | Reached skill level 1 in Hexes
  6920 | D:5      | Reached * piety under Sif Muna
  7618 | D:5      | Reached skill level 5 in Poison Magic
  7829 | D:6      | Reached skill level 5 in Spellcasting
  7977 | D:6      | Reached ** piety under Sif Muna
  7977 | D:6      | Reached XP level 9. HP: 45/45 MP: 16/16
  8197 | D:6      | Reached skill level 1 in Fighting
  8742 | D:6      | Learned a level 5 spell: Fireball
  8829 | D:6      | Found Fozoovul's Jewellery Shop.
  8955 | D:7      | Reached skill level 1 in Fire Magic
  9469 | D:7      | Found Iclon's Weapon Shop.
  9944 | D:7      | Found a runed door.
  9948 | D:7      | Noticed Crazy Yiuf
  9952 | D:7      | Killed Crazy Yiuf
 10159 | D:7      | Reached *** piety under Sif Muna
 10741 | D:7      | Reached skill level 5 in Fighting
 10741 | D:7      | Reached XP level 10. HP: 42/59 MP: 13/18
 11145 | D:8      | Reached skill level 5 in Fire Magic
 11245 | D:7      | Bought the cursed +1 morningstar of the Lurker {crush, MR++ Str-2 Int+4} for 331 gold pieces
 12195 | D:9      | Noticed a two-headed ogre
 12208 | D:9      | Killed a two-headed ogre
 12208 | D:9      | Reached **** piety under Sif Muna
 12208 | D:9      | Reached skill level 7 in Conjurations
 13402 | D:9      | Reached skill level 1 in Invocations
 13563 | D:10     | Entered Level 10 of the Dungeon
 13623 | D:10     | Noticed a two-headed ogre
 13641 | D:10     | Killed a two-headed ogre
 13700 | D:10     | Identified Dewkoj's Handbook of Quantum Darkness
 13710 | D:10     | Noticed Erolcha
 13735 | D:10     | Learned a level 5 spell: Venom Bolt
 13761 | D:10     | Killed Erolcha
 13761 | D:10     | Reached skill level 8 in Conjurations
 13761 | D:10     | Reached XP level 11. HP: 26/64 MP: 6/19
 14137 | D:10     | Got a warped platinum amulet
 15082 | D:11     | Identified the amulet "Tahaca Tast" {Regen+ Int+4} (You found it on level 10 of the Dungeon)
 15198 | D:11     | Reached ***** piety under Sif Muna
 15370 | D:11     | Received a gift from Sif Muna
 15442 | D:11     | Noticed a two-headed ogre
 15459 | D:11     | Killed a two-headed ogre
 15830 | D:11     | Reached skill level 9 in Conjurations
 16063 | D:11     | Noticed a manticore
 16066 | D:11     | Killed a manticore
 16257 | D:11     | Reached skill level 5 in Invocations
 16404 | D:11     | Noticed Nergalle
 16735 | D:10     | Killed Nergalle
 17270 | D:11     | Noticed a six-headed hydra
 17633 | D:11     | Found a staircase to the Lair.
 17720 | D:11     | Noticed a vault guard
 17742 | D:11     | Killed a vault guard
 17842 | D:11     | Reached XP level 12. HP: 70/70 MP: 10/21
 18006 | D:11     | Killed a six-headed hydra
 18264 | D:11     | Found a portal to a secret trove of treasure.
 18302 | Lair:1   | Entered Level 1 of the Lair of Beasts
 18309 | Lair:1   | Noticed a seven-headed hydra
 18311 | Lair:1   | Reached skill level 10 in Conjurations
 18576 | Lair:1   | Learned a level 2 spell: Poisonous Vapours
 19329 | Lair:2   | Noticed a four-headed hydra
 19333 | Lair:2   | Killed a four-headed hydra
 19333 | Lair:2   | Reached skill level 1 in Maces & Flails
 19543 | Lair:2   | Found a labyrinth entrance.
 19617 | Lair:2   | Found a dark tunnel.
 19622 | Volcano  | Entered a volcano
 20057 | Volcano  | Found a bloodstained altar of Trog.
 20505 | Volcano  | Noticed a fire dragon
 20838 | Lair:2   | Reached skill level 11 in Conjurations
 20870 | Lair:2   | Reached XP level 13. HP: 66/74 MP: 7/22
 21705 | Lair:3   | Found a staircase to the Swamp.
 21718 | Lair:3   | Identified Sif Muna's Almanac of Transmutation (Sif Muna gifted it to you on level 3 of the Lair of Beasts)
 21718 | Lair:3   | Received a gift from Sif Muna
 21718 | Lair:3   | Reached skill level 10 in Fire Magic
 21941 | Lair:3   | Noticed Fannar
 21950 | Lair:3   | Killed Fannar
 22571 | Lair:3   | Reached skill level 5 in Maces & Flails
 24123 | Lair:4   | Noticed Kirke
 24168 | Lair:4   | Killed Kirke
 24168 | Lair:4   | Reached skill level 1 in Shields
 24328 | Lair:4   | Found a staircase to the Snake Pit.
 25192 | Lair:4   | Reached skill level 12 in Conjurations
 25305 | Lair:1   | Learned a level 7 spell: Orb of Destruction
 26197 | Lair:5   | Identified Sif Muna's Disquisition on Bewitchment (Sif Muna gifted it to you on level 5 of the Lair of Beasts)
 26197 | Lair:5   | Received a gift from Sif Muna
 26435 | Lair:5   | Found a staircase to the Slime Pits.
 26438 | Lair:5   | Found a viscous altar of Jiyva.
 26706 | Lair:6   | Entered Level 6 of the Lair of Beasts
 26761 | Lair:6   | Noticed Fingolfin's ghost (journeyman NaWz)
 27146 | Lair:6   | Noticed salade2fruit's ghost (journeyman OpVM)
 27197 | Lair:6   | Killed salade2fruit's ghost
 27259 | Lair:6   | Killed Fingolfin's ghost
 27269 | Lair:6   | Gained mutation: Your large and strong wings let you fly indefinitely. [Gargoyle growth]
 27269 | Lair:6   | Reached XP level 14. HP: 78/80 MP: 5/26
 27735 | Lair:6   | Reached skill level 5 in Shields
 28611 | Lair:6   | Identified the Collected Works on Supportive Darkness
 29226 | Lair:6   | Reached skill level 13 in Conjurations
 29924 | D:12     | Identified Sif Muna's Grimoire of Weightlessness and Arcane Weapons (Sif Muna gifted it to you on level 12 of the Dungeon)
 29924 | D:12     | Received a gift from Sif Muna
 31125 | D:12     | Found a blossoming altar of Fedhas.
 31838 | D:12     | Found a staircase to the Orcish Mines.
 32417 | D:12     | Reached skill level 10 in Spellcasting
 32584 | Orc:1    | Entered Level 1 of the Orcish Mines
 32698 | Orc:2    | Entered Level 2 of the Orcish Mines
 32712 | Orc:2    | Noticed an orc warlord
 32723 | Orc:2    | Reached XP level 15. HP: 75/88 MP: 24/29
 32759 | Orc:1    | Killed an orc warlord
 33189 | Orc:1    | Found a flagged portal.
 33198 | Bailey   | Entered a bailey
 33482 | Bailey   | Got a steaming falchion
 33483 | Bailey   | Identified the +4 falchion of Haqu {speed, +Rage Int+2} (You found it in a bailey)
 33862 | Orc:2    | Found a deep blue altar of Sif Muna.
 33872 | Orc:2    | Reached skill level 14 in Conjurations
 33934 | Orc:2    | Noticed Josephine
 33975 | Orc:2    | Killed Josephine
 34421 | Orc:2    | Identified Sif Muna's Grimoire of the Traveller and Fire (Sif Muna gifted it to you on level 2 of the Orcish Mines)
 34421 | Orc:2    | Received a gift from Sif Muna
 34864 | Orc:2    | Found Ziodiminn's Antique Armour Emporium.
 34864 | Orc:2    | Found Epainat's Antique Armour Shop.
 34902 | Orc:2    | Found Urphache's Weapon Shop.
 34902 | Orc:2    | Found Ytelem's Armour Emporium.
 34913 | Orc:2    | Bought an ancient shield for 294 gold pieces
 34915 | Orc:2    | Bought the +1 leather armour "Kongan" {Dex+4 SInv} for 425 gold pieces
 34936 | Orc:2    | Identified the +4 shield of Fashionability {rCorr MP+9 Int+4 Slay-6} (You bought it in a shop on level 2 of the Orcish Mines)
 35003 | Orc:2    | Found a staircase to the Elven Halls.
 35254 | Lair:1   | Learned a level 6 spell: Bolt of Fire
 35273 | Lair:1   | Learned a level 2 spell: Shroud of Golubria
 35369 | Swamp:1  | Entered Level 1 of the Swamp
 35967 | Swamp:1  | Noticed a thorn hunter
 36110 | Swamp:1  | Killed a thorn hunter
 36370 | Swamp:1  | Reached skill level 10 in Fighting
 37447 | Swamp:2  | Reached skill level 10 in Shields
 37690 | Swamp:2  | Reached skill level 15 in Conjurations
 37797 | Swamp:2  | Reached XP level 16. HP: 97/97 MP: 17/30
 37899 | Swamp:2  | Noticed a thorn hunter
 37907 | Swamp:2  | Killed a thorn hunter
 37947 | Swamp:2  | Noticed a thorn hunter
 37950 | Swamp:2  | Killed a thorn hunter
 38780 | Swamp:3  | Got a heavy robe
 38797 | Swamp:3  | Identified the +1 robe of Vujohaad {Str+3} (You found it on level 3 of the Swamp)
 39259 | Swamp:3  | Identified Sif Muna's Collected Works on Curses and Attacks (Sif Muna gifted it to you on level 3 of the Swamp)
 39259 | Swamp:3  | Received a gift from Sif Muna
 40092 | Swamp:4  | Entered Level 4 of the Swamp
 40354 | Swamp:4  | Noticed a thorn hunter
 40358 | Swamp:4  | Killed a thorn hunter
 40976 | Swamp:4  | Noticed a thorn hunter
 40982 | Swamp:4  | Killed a thorn hunter
 41513 | Swamp:4  | Reached skill level 16 in Conjurations
 41539 | Swamp:4  | Noticed a bone dragon
 42208 | Swamp:4  | Killed a bone dragon
 42378 | Swamp:4  | Reached XP level 17. HP: 54/102 MP: 20/31
 42825 | Swamp:4  | Got a decaying rune of Zot
 43510 | D:13     | Noticed Maurice
 43525 | D:13     | Noticed Sonja
 44039 | D:13     | Found a gate to the Vaults.
 44148 | D:13     | Reached skill level 5 in Dodging
 44175 | D:13     | Killed Maurice
 44214 | D:13     | Killed Sonja
 44229 | D:13     | Identified Gomuiv's Almanac of the Frigorific Escort (Sif Muna gifted it to you on level 13 of the Dungeon)
 44229 | D:13     | Received a gift from Sif Muna
 46326 | D:14     | Reached skill level 17 in Conjurations
 46405 | D:14     | Identified the Grimoire of the Rocks and Bewitchment
 47090 | D:15     | Entered Level 15 of the Dungeon
 48269 | D:15     | Found a runed door.
 48270 | D:15     | Noticed a sphinx
 48317 | D:15     | Found a staircase to the Depths.
 48508 | D:15     | Noticed Azrael
 48522 | D:15     | Killed Azrael
 48843 | D:15     | Reached XP level 18. HP: 92/107 MP: 10/32
 49075 | D:15     | Reached skill level 15 in Shields
 49254 | Lair:1   | Learned a level 7 spell: Spellforged Servitor
 49403 | Orc:2    | Bought the +2 shield of Resistance {rF+ rC+ MR+} for 1561 gold pieces
 49668 | Snake:1  | Entered Level 1 of the Snake Pit
 50629 | Snake:1  | Found Tytod's Jewellery Boutique.
 50630 | Snake:1  | Found Niplat's Gadget Shoppe.
 50631 | Snake:1  | Found Maufuh's Jewellery Boutique.
 50814 | Snake:1  | Upgraded the game from 0.20.0-7-g3b7b877 to 0.20.0-8-g6b59dc7
 50904 | Snake:1  | Noticed Nikola
 50979 | Snake:2  | Reached skill level 5 in Summonings
 51619 | Snake:2  | Killed Nikola
 52196 | Snake:2  | Identified Sif Muna's Handbook of the Creative Traveller (Sif Muna gifted it to you on level 2 of the Snake Pit)
 52196 | Snake:2  | Received a gift from Sif Muna
 52453 | Snake:3  | Noticed Aizul
 52461 | Snake:3  | Killed Aizul
 52491 | Snake:3  | Noticed Jorgrun
 53156 | Depths:1 | Entered Level 1 of the Depths
 53256 | Depths:1 | Found a gateway to Hell.
 53426 | Depths:1 | Found a gateway to a ziggurat.
 53481 | Depths:1 | Found Xareidaulo's Armour Shoppe.
 53491 | Depths:1 | Found Sisuy's Armour Shoppe.
 53503 | Depths:1 | Bought a +1 cloak of magic resistance for 396 gold pieces
 53911 | Depths:1 | Found Gerchal's Food Shop.
 53922 | Depths:1 | You fall through a shaft!
 54288 | Depths:1 | Found a runed gate.
 54288 | Depths:1 | Found a runed gate.
 54288 | Depths:1 | Found a runed gate.
 54588 | Depths:1 | Reached skill level 5 in Armour
 55217 | Depths:2 | Reached XP level 19. HP: 91/112 MP: 22/35
 56620 | Depths:1 | Received a gift from Sif Muna
 56623 | Depths:1 | Identified Sif Muna's Papyrus of Attacks (Sif Muna gifted it to you on level 1 of the Depths)
 57660 | Depths:1 | Reached skill level 10 in Summonings
 57896 | Depths:2 | Noticed Boris
 58532 | Depths:2 | Killed Boris
 58545 | Depths:2 | Reached skill level 10 in Armour
 59475 | Depths:3 | Reached XP level 20. HP: 39/118 MP: 15/36
 59483 | Depths:3 | Slain by a deep troll

Skill      XL: |  1  2  3  4  5  6  7  8  9 10 11 12 13 14 15 16 17 18 19 |
---------------+----------------------------------------------------------+-----
Conjurations   | 2 3 4 5 6 8 9 11 12 13 15 16 17 | 17.2
Summonings     | 1 2 3 8 11 | 11.1
Spellcasting   | 4 5 6 8 10 12 | 12.0
Poison Magic   | 1 2 3 5 6 7 |  7.0
Air Magic      | 1 2 3 |  3.0
Hexes          | 3 4 |  4.0
Fighting       | 5 6 8 10 | 10.3
Fire Magic     | 4 6 8 9 10 11 | 11.5
Armour         | 4 5 10 | 10.0
Invocations    | 3 5 8 |  8.9
Maces & Flails | 4 6 7 |  7.0
Shields        | 4 7 10 12 14 15 | 15.0
Dodging        | 3 6 |  6.1
Stealth        | |  2.1
Translocations | |  0.8

Action                   |  1- 3 |  4- 6 |  7- 9 | 10-12 | 13-15 | 16-18 | 19-21 || total
-------------------------+-------+-------+-------+-------+-------+-------+-------++-------
Melee: Whip              |    70 |   175 |   282 |    61 |       |       |       ||   588
       Dagger            |       |   111 |   209 |    12 |       |       |       ||   332
       Morningstar       |       |       |       |   614 |  1380 |  1342 |   281 ||  3617
Throw: Throwing net      |       |       |     1 |       |       |       |       ||     1
 Cast: Magic Dart        |    44 |    67 |     8 |    26 |       |       |       ||   145
       Call Imp          |     2 |    27 |    36 |    48 |    49 |       |       ||   162
       Mephitic Cloud    |       |     1 |    24 |    33 |   117 |    32 |       ||   207
       Slow              |       |       |     4 |    26 |    33 |    24 |       ||    87
       Fireball          |       |       |       |    53 |   108 |    58 |    14 ||   233
       Venom Bolt        |       |       |       |    38 |    35 |       |       ||    73
       Poisonous Vapours |       |       |       |    35 |   157 |    28 |       ||   220
       Orb of Destructio |       |       |       |       |    12 |    41 |    22 ||    75
       Bolt of Fire      |       |       |       |       |    34 |   258 |    53 ||   345
       Shroud of Golubri |       |       |       |       |       |    16 |    11 ||    27
       Spellforged Servi |       |       |       |       |       |    30 |    39 ||    69
Invok: Divine Energy     |       |       |       |     5 |     1 |     2 |     1 ||     9
       Stop Divine Energ |       |       |       |     5 |     1 |     2 |     1 ||     9
       Channel Magic     |       |       |       |     6 |     6 |     5 |     2 ||    19
       Forget Spell      |       |       |       |     1 |     1 |     1 |       ||     3
 Abil: Stop Flying       |       |       |       |       |     2 |     8 |       ||    10
       Fly               |       |       |       |       |     2 |     7 |       ||     9
Evoke: Wand              |       |       |     5 |    11 |       |     1 |       ||    17
       Lightning rod     |       |       |       |     1 |       |       |       ||     1
  Use: Scroll            |       |     4 |     4 |    22 |    14 |     8 |     3 ||    55
       Potion            |       |       |     1 |     3 |     3 |     3 |     1 ||    11
 Stab: Sleeping          |     2 |     3 |     1 |     1 |     3 |       |       ||    10
       Held in net/web   |       |       |     1 |       |       |       |       ||     1
       Confused          |       |       |    11 |    13 |    39 |    17 |       ||    80
       Distracted        |       |       |     3 |     3 |     2 |     3 |     7 ||    18
       Paralysed         |       |       |       |    10 |       |       |       ||    10
  Eat: Chunk             |     1 |    12 |    20 |    22 |    69 |    66 |    33 ||   223
       Fruit             |       |       |     2 |     6 |     4 |    10 |     3 ||    25
       Meat ration       |       |       |       |     5 |       |     9 |     1 ||    15
       Bread ration      |       |       |       |     5 |     4 |     5 |       ||    14
       Royal jelly       |       |       |       |     1 |     3 |     6 |     1 ||    11
Armor: Robe              |    27 |   113 |   164 |    44 |       |       |       ||   348
       Leather armour    |       |       |       |   496 |   768 |   758 |   205 ||  2227
Dodge: Dodged            |    54 |   192 |   253 |   538 |   725 |   704 |   211 ||  2677
Block: Buckler           |       |       |       |       |   208 |       |       ||   208
       Shield            |       |       |       |       |     7 |  1116 |   350 ||  1473
